 Dungeon Crawl Stone Soup version 0.28.0-62-gf88900778d (webtiles) character file.

Game seed: 4727954187615040450

3143 cbfl8 the Skirmisher (level 9, -1/69 HPs)
             Began as a Demonspawn Gladiator on Mar 8, 2023.
             Killed from afar by an electric eel (9 damage)
             ... with a bolt of electricity
             ... on level 7 of the Dungeon.
             The game lasted 00:07:19 (8258 turns).

cbfl8 the Skirmisher (Demonspawn Gladiator)         Turns: 8258, Time: 00:07:20

Health: -1/69      AC: 12    Str: 19    XL:     9   Next: 61%
Magic:  9/9        EV:  9    Int: 10    God:
Gold:   318        SH:  4    Dex: 14    Spells: 8/8 levels left

rFire   . . .      SeeInvis .   s - +0 trident
rCold   . . .      Faith    .   (no shield)
rNeg    . . .      Spirit   .   u - +0 chain mail
rPois   .          Reflect  .   (helmet restricted)
rElec   .          Harm     .   (no cloak)
rCorr   .          Rampage  .   h - +0 pair of gloves
Will    .....                   o - +0 pair of boots
Stlth   ..........              (no amulet)
HPRegen 0.21/turn               (no ring)
MPRegen 0.11/turn               (no ring)

@: no status effects
A: horns 1, large bone plates 1, ignite blood 1, spiny 3
a: no special abilities


You were on level 7 of the Dungeon.
You visited 1 branch of the dungeon, and saw 7 of its levels.

You collected 318 gold pieces.

Inventory:

Hand Weapons
 s - a +0 trident (weapon)
Missiles
 d - 3 throwing nets (quivered)
Armour
 h - a +0 pair of gloves (worn)
 o - a +0 pair of boots (worn)
 u - a +0 chain mail (worn)
Wands
 w - a wand of charming (8)
Scrolls
 a - 2 scrolls of immolation
 f - 2 scrolls of teleportation
 j - 3 scrolls of identify {unknown}
 m - a scroll of torment {unknown}
 n - 2 scrolls of enchant armour {unknown}
 p - a scroll of enchant weapon {unknown}
 t - 2 scrolls of blinking {unknown}
 x - a scroll of fog {unknown}
Potions
 b - a potion of lignification {unknown}
 c - 2 potions of heal wounds {unknown}
 e - 2 potions of cancellation {unknown}
 g - a potion of resistance {unknown}
 i - a potion of degeneration {unknown}
 k - a potion of ambrosia {unknown}
 l - a potion of brilliance {unknown}
 q - 2 potions of curing {unknown}
 r - a potion of haste
 v - a potion of invisibility {unknown}


   Skills:
 * Level 6.2 Fighting
 + Level 6.0(6.6) Axes
 * Level 4.3(5.8) Polearms
 - Level 1.8 Throwing
 + Level 5.0 Armour
 + Level 4.3 Dodging
 + Level 2.2 Stealth
 + Level 1.2 Shields
 * Level 5.4 Evocations


You had 8 spell levels left.
You didn't know any spells.
Your spell library contained the following spells:

 Spells                   Type           Power      Damage    Failure   Level
 Apportation              Tloc           0%         N/A       98%         1
 Blink                    Tloc           0%         N/A       99%         2
 Corpse Rot               Necr/Air       0%         N/A       99%         2
 Poisonous Vapours        Pois/Air       0%         N/A       99%         2
 Alistair's Intoxication  Tmut/Pois      0%         N/A       100%        5
 Manifold Assault         Tloc           0%         N/A       100%        5
 Storm Form               Tmut/Air       0%         N/A       100%        7


Dungeon Overview and Level Annotations

Branches:
Dungeon (7/15)             Temple (0/1) D:6

Altars:
Elyvilon
Hepliaklqana
Okawaru


Innate Abilities, Weirdness & Mutations

You have a pair of small horns on your head.
You are partially covered in large bone plates. (SH +4)
Your demonic aura sometimes causes spilled blood to erupt in flames.
You are completely covered in sharp spines.


Message History

You see here a killer bee corpse.
You feel sick.
You are no longer poisoned.
You start resting.
HP restored.
You start waiting.
Done waiting.
An electric eel comes into view.
An electric eel comes into view.
The electric eel shoots out a bolt of lightning at you!
The bolt of electricity hits you!
You reach to attack!
You hit the electric eel but do no damage.
An electric eel comes into view.
The electric eel shoots out a bolt of lightning at you!
The bolt of electricity misses you.
You reach to attack!
You closely miss the electric eel.
The electric eel shoots out a bolt of lightning at you!
The bolt of electricity hits you!
The electric eel shoots out a bolt of lightning at you!
The bolt of electricity hits you.
You reach to attack!
You closely miss the electric eel.
You reach to attack!
You hit the electric eel.
The electric eel is lightly wounded.
The electric eel shoots out a bolt of lightning at you!
The bolt of electricity hits you!
The electric eel shoots out a bolt of lightning at you!
The bolt of electricity hits you!
The electric eel shoots out a bolt of lightning at you!
The bolt of electricity hits you!
* * * LOW HITPOINT WARNING * * *
As you read the scroll labelled ERPHIN NENGUXIG, it crumbles to dust.
The creatures around you are filled with an inner flame!
It was a scroll of immolation.
The electric eel shoots out a bolt of lightning at you!
The bolt of electricity hits you.
* * * LOW HITPOINT WARNING * * *
The electric eel shoots out a bolt of lightning at you!
The bolt of electricity hits you!
You die...

#.#.#............. ≈≈≈≈.
..#.#............. ≈≈...
#.#.#...........([
≈≈≈≈..#.#.#.............
≈≈.≈≈.#.#.# ##+#########
≈≈≈≈S.#.#.#
≈≈≈≈....#.#.##.#
.≈≈≈...........#
≈≈≈≈≈..@#.#.####
≈≈≈≈≈...#.#.#
.≈≈≈≈≈S.#.# #
≈≈≈≈≈≈....# ≈≈S≈≈≈....#
≈≈≈≈≈.....# .≈.≈≈≈≈≈S..
.≈≈≈≈≈≈≈.≈.


You could see 4 electric eels.

Vanquished Creatures
  Sigmund (D:2)
  3 vampire mosquitoes (D:7)
  An acid dragon (D:6)
  2 water moccasins
  3 black bears (D:5)
  2 ogres
  A phantom (D:4)
  A centaur (D:7)
  A kobold brigand (D:3)
  2 bullfrogs
  A scorpion (D:5)
  A water moccasin skeleton (D:6)
  6 killer bees (D:7)
  3 wights (D:7)
  2 electric eels
  A centaur zombie (D:7)
  5 hounds
  An orc priest (D:7)
  3 bullfrog skeletons (D:5)
  Natasha (twice) (D:4)
  5 orc wizards
  4 iguanas
  2 hound skeletons
  Robin (D:3)
  2 howler monkey skeletons
  8 gnolls
  9 adders
  3 ufetubi
  A worm (D:3)
  2 dart slugs (D:1)
  22 orcs
  3 bats
  8 endoplasms
  2 giant cockroaches
  13 goblins
  7 hobgoblins
  3 jackals (D:2)
  7 quokkas
  6 ball pythons
  5 frilled lizards
  9 kobolds
  4 rats
168 creatures vanquished.

Vanquished Creatures (others)
  25 plants
25 creatures vanquished.

Grand Total: 193 creatures vanquished

Notes
Turn   | Place    | Note
-------+----------+-------------------------------------------
     0 | D:1      | cbfl8 the Demonspawn Gladiator began the quest for the Orb.
     0 | D:1      | Reached XP level 1. HP: 16/16 MP: 1/1
   157 | D:1      | Gained mutation: You are partially covered in sharp spines.
                  | [demonic ancestry]
   157 | D:1      | Reached XP level 2. HP: 17/22 MP: 2/2
   975 | D:2      | Gained mutation: You are partially covered in large bone
                  | plates. (SH +4) [demonic ancestry]
   975 | D:2      | Reached XP level 3. HP: 27/27 MP: 3/3
  1322 | D:2      | Reached skill level 1 in Evocations
  1356 | D:2      | Noticed Sigmund
  1373 | D:2      | Killed Sigmund
  1374 | D:2      | Reached skill level 1 in Armour
  1374 | D:2      | Gained mutation: You are mostly covered in sharp spines.
                  | [demonic ancestry]
  1374 | D:2      | Reached XP level 4. HP: 10/34 MP: 4/4
  1374 | D:2      | Reached XP level 5. HP: 12/40 MP: 5/5
  1784 | D:2      | Found a faded altar of an unknown god.
  1813 | D:2      | Reached skill level 1 in Stealth
  1942 | D:3      | Noticed Robin
  1947 | D:3      | Killed Robin
  1952 | D:3      | Reached XP level 6. HP: 37/47 MP: 6/6
  2770 | D:4      | Found a hazy altar of Hepliaklqana.
  2812 | D:4      | Identified the +5 dagger "Geizery" {vorpal, Will+ Dex+5}
  2821 | D:4      | Found an iron altar of Okawaru.
  2926 | D:4      | Noticed Natasha
  2934 | D:4      | Killed Natasha
  3022 | D:4      | Gained mutation: You have a pair of small horns on your
                  | head. [demonic ancestry]
  3022 | D:4      | Reached XP level 7. HP: 12/52 MP: 7/7
  3315 | D:4      | Noticed Natasha
  3320 | D:4      | Killed Natasha
  3321 | D:4      | Reached skill level 5 in Axes
  3514 | D:5      | Entered Level 5 of the Dungeon
  4107 | D:5      | Gained mutation: You are completely covered in sharp
                  | spines. [demonic ancestry]
  4107 | D:5      | Reached XP level 8. HP: 47/60 MP: 8/8
  4499 | D:5      | Reached skill level 1 in Polearms
  5340 | D:6      | Found a staircase to the Ecumenical Temple.
  5912 | D:6      | Reached skill level 5 in Fighting
  6088 | D:6      | Reached skill level 1 in Shields
  6426 | D:7      | Gained mutation: Your demonic aura sometimes causes spilled
                  | blood to erupt in flames. [demonic ancestry]
  6426 | D:7      | Reached XP level 9. HP: 64/68 MP: 9/9
  6806 | D:7      | Reached skill level 5 in Evocations
  7960 | D:7      | Reached skill level 5 in Armour
  8258 | D:7      | Killed from afar by an electric eel

Illustrated notes

Levels and vault maps discovered:
D:1:      saegor_arrival_under_anarchy, layout_loops_ring
D:2:      layout_basic, ebering_ecumenical_altar_box, grunt_ministairs_9,
          uniq_sigmund
D:3:      layout_basic, uniq_robin
D:4:      layout_cave_pools, worldfamousw_hep_ancestral_shrine,
          mainiacjoe_overflow_catwalk, uniq_natasha
D:5:      minmay_opposing_rooms, layout_cave_pods
D:6:      layout_loops_ring, nicolae_elyvilon_temple_path,
          minmay_temple_entry_hall
D:7:      layout_basic, kennysheep_little_box, chequers_big_river

Skill      XL: |  1  2  3  4  5  6  7  8  9 |
---------------+----------------------------+-----
Dodging        | 3 4 |  4.3
Axes           | 3 4 5 6 |  6.0
Evocations     | 1 2 3 4 5 |  5.4
Armour         | 1 2 4 5 |  5.0
Stealth        | 1 2 |  2.2
Fighting       | 3 4 5 6 |  6.2
Polearms       | 2 4 |  4.3
Shields        | 1 |  1.2
Throwing       | |  1.8

Action                   |  1- 3 |  4- 6 |  7- 9 || total
-------------------------+-------+-------+-------++-------
Melee: War axe           |    58 |    84 |    39 ||   181
       Punch             |     1 |     1 |     5 ||     7
       Headbutt          |       |       |    53 ||    53
       Trident           |       |       |   232 ||   232
  Use: Potion            |     3 |       |       ||     3
       Scroll            |       |       |     2 ||     2
 Stab: Sleeping          |       |     3 |       ||     3
Armor: Leather armour    |    18 |    18 |       ||    36
       Scale mail        |       |       |    41 ||    41
       Chain mail        |       |       |    74 ||    74
Dodge: Dodged            |    28 |    34 |   104 ||   166
Block: Other             |     5 |    15 |    38 ||    58
